 Dungeon Crawl Stone Soup version 0.22-a0-303-g4a852b3 (webtiles) character file.

90 StCgurps the Ogre Mage (level 4, -1/39 HPs)
             Began as an Ogre Wizard on Mar 27, 2018.
             Slain by a jackal (2 damage)
             ... on level 2 of the Dungeon.
             The game lasted 00:05:13 (1765 turns).

StCgurps the Ogre Mage (Ogre Wizard)                Turns: 1765, Time: 00:05:14

Health: -1/39      AC:  3    Str: 11    XL:     4   Next: 56%
Magic:  9/11       EV: 10    Int: 20    God:
Gold:   30         SH:  0    Dex:  7    Spells: 12/13 levels left

rFire    . . .     SeeInvis .   h - +0 hand axe (chop)
rCold    . . .     Gourm    .   (no shield)
rNeg     . . .     Faith    .   a - +0 robe
rPois    .         Spirit   .   b - +0 hat
rElec    .         Reflect  .   j - scarf {cloud immunity}
rCorr    .         Harm     .   (gloves unavailable)
MR       .....                  (boots unavailable)
Stlth    +.........             (no amulet)
HPRegen  0.13/turn              (no ring)
MPRegen  0.12/turn              (no ring)

@: no status effects
A: large, unfitting armour, tough skin 1
a: no special abilities


You were on level 2 of the Dungeon.
You were not hungry.

You visited 1 branch of the dungeon, and saw 2 of its levels.

You collected 30 gold pieces.

Inventory:

Hand Weapons
 h - a +0 hand axe of chopping (weapon)
Armour
 a - a +0 robe (worn)
 b - a +0 hat (worn)
 f - a +0 pair of gloves
 j - a scarf of cloud immunity (worn)
Scrolls
 c - a scroll of amnesia {unknown}
 d - a scroll of magic mapping {unknown}
 e - 3 scrolls of identify {unknown}
 i - a scroll of fog {unknown}
Comestibles
 g - 3 rations


   Skills:
 - Level 1.7 Dodging
 - Level 1.4 Stealth
 + Level 5.1 Spellcasting
 + Level 2.4 Conjurations
   Level 0.8 Summonings
   Level 0.8 Translocations


You had 12 spell levels left.
You knew the following spells:

 Your Spells              Type           Power        Failure   Level  Hunger
a - Magic Dart            Conj           ##..         4%          1    None


Dungeon Overview and Level Annotations

Branches:
Dungeon (2/15)

Altars:


Innate Abilities, Weirdness & Mutations

You are too large for most types of armour.
You have tough skin. (AC +1)


Message History

The jackal is severely wounded.
The jackal bites you.
* * * LOW HITPOINT WARNING * * *
Casting: Magic Dart (safe; 4% risk of failure)
Confirm with . or Enter, or press ? or * to list all spells.
Aiming: Magic Dart (safe; 4% risk of failure)
Press: ? - help, Shift-Dir - straight line, f/p - jackal
Aim: a jackal (severely wounded)
The magic dart hits the jackal.
You kill the jackal!
A jackal comes into view.
The jackal barks!
The jackal bites you.
* * * LOW HITPOINT WARNING * * *
The jackal barely misses you. The jackal bites you.
* * * LOW HITPOINT WARNING * * *
The jackal closely misses you.
The jackal bites you but does no damage.
The jackal bites you.
You die...

### ######## #..
#......# #.#
#......# #.#
#......#####h#
#####...........@#
.............>####
###>........#<#
#.......#.#.#
#.....†.#.#.#
####......#..
#...###### ###
#.#.# ..# #.#.#


You could see a jackal.

Vanquished Creatures
  A hound (D:2)
  2 adders (D:2)
  2 oozes (D:1)
  A worm (D:2)
  A leopard gecko (D:2)
  An orc (D:2)
  2 giant cockroaches (D:1)
  A goblin (D:1)
  3 hobgoblins
  7 jackals (D:2)
  A kobold (D:2)
  2 bats
  A frilled lizard (D:2)
  4 rats
29 creatures vanquished.

Notes
Turn   | Place    | Note
-------+----------+-------------------------------------------
     0 | D:1      | StCgurps the Ogre Wizard began the quest for the Orb.
     0 | D:1      | Reached XP level 1. HP: 16/16 MP: 5/5
    57 | D:1      | Reached skill level 4 in Spellcasting
    84 | D:1      | Reached XP level 2. HP: 18/24 MP: 0/7
   437 | D:1      | Reached skill level 1 in Conjurations
   981 | D:2      | Reached XP level 3. HP: 19/31 MP: 1/9
  1599 | D:2      | Reached skill level 5 in Spellcasting
  1599 | D:2      | Reached XP level 4. HP: 4/39 MP: 4/11
  1763 | D:2      | HP: 1/39 [jackal (3)]
  1765 | D:2      | Slain by a jackal

Vault maps used:
D:1:      giann_bridges, wad_floor_pattern_2, hex_medium

Skill      XL: |  1  2  3 |
---------------+----------+-----
Spellcasting   | 4 5 |  5.1
Conjurations   | 1 2 |  2.4
Dodging        | |  1.7
Stealth        | |  1.4
Summonings     | |  0.8
Translocations | |  0.8

Action                   |  1- 3 |  4- 6 || total
-------------------------+-------+-------++-------
Melee: Unarmed           |    27 |       ||    27
       Hand axe          |    17 |     3 ||    20
 Cast: Magic Dart        |    83 |     6 ||    89
  Eat: Ration            |     1 |       ||     1
Armor: Robe              |    37 |    15 ||    52
Dodge: Dodged            |    63 |    28 ||    91

Table legend:
 A = Spawn XP
 B = Non-spawn XP
 C = Spawn XP percentage of total XP
 D = Spawn monster count
 E = Non-spawn monster count
 F = Spawn count percentage of total count
 G = Total turns spent on level
                    A         B        C        D         E        F      G
               +---------+---------+-------+---------+---------+-------+---------
         Total |       0 |     129 |   0.0 |       0 |      29 |   0.0 |  1765
               +---------+---------+-------+---------+---------+-------+---------
           D:1 |       0 |      26 |   0.0 |       0 |      10 |   0.0 |   970
           D:2 |       0 |     103 |   0.0 |       0 |      19 |   0.0 |   795
               +---------+---------+-------+---------+---------+-------+---------
